 Dungeon Crawl Stone Soup version 0.20.1-1-g8b1a95d (webtiles) character file.

2979 jmlagarto the Fighter (level 9, -5/76 HPs)
             Began as a Merfolk Abyssal Knight on Sept 4, 2017.
             Was an Elder of Lugonu.
             Slain by a warg (9 damage)
             ... on level 8 of the Dungeon.
             The game lasted 00:34:00 (8615 turns).

jmlagarto the Fighter (Merfolk Abyssal Knight)      Turns: 8615, Time: 00:34:01

Health: -5/76      AC: 11    Str: 15    XL:     9   Next: 82%
Magic:  11/11      EV: 11    Int: 12    God:    Lugonu [****..]
Gold:   281        SH:  0    Dex: 15    Spells: 8/8 levels left

rFire    . . .     SeeInvis .   K - +9 dire flail "Viomala" {vamp, rElec}
rCold    . . .     Gourm    .   (shield currently unavailable)
rNeg     . . .     Faith    .   E - +1 chain mail
rPois    .         Spirit   .   (no helmet)
rElec    +         Reflect  .   (no cloak)
rCorr    .         Harm     .   b - +0 pair of gloves
MR       .....                  (boots currently unavailable)
Stlth    ..........             (no amulet)
Regen    0.3/turn               f - +2 ring of dexterity
MPRegen  0.2/turn               o - ring of flight

@: very quick
A: change form in water, swift swim, stealthy swim
a: Depart the Abyss, Bend Space, Banish, Corrupt, Renounce Religion, Evoke
Flight


You were on level 8 of the Dungeon.
You worshipped Lugonu.
Lugonu was greatly pleased with you.
You were not hungry.

You visited 1 branch of the dungeon, and saw 8 of its levels.
You visited the Abyss 1 time.

You collected 281 gold pieces.

Inventory:

Hand Weapons
 t - a +2 whip of venom
 A - a +3 rapier of draining
 K - the +9 dire flail "Viomala" (weapon) {vamp, rElec}
   (You found it on level 6 of the Dungeon)

   It inflicts no extra harm, but heals its wielder when it wounds a living foe.
   It insulates you from electricity.
Armour
 b - a +0 pair of gloves (worn)
 n - a +0 pair of boots (melded)
 B - a +1 leather armour of fire resistance
 E - a +1 chain mail (worn)
Jewellery
 f - a +2 ring of dexterity (left hand)
 o - a ring of flight (right hand)
Wands
 a - a wand of scattershot (5/9)
 e - a wand of flame (21/48)
 s - a wand of flame (18/48)
 v - a wand of confusion (21/48)
 F - a wand of iceblast (4/15)
 I - a wand of flame (29/48)
 J - a wand of random effects (39/48)
Scrolls
 d - a scroll of teleportation {unknown}
 g - 2 scrolls of enchant armour
 h - 2 scrolls of immolation {unknown}
 j - a scroll of recharging {unknown}
 k - a scroll of fog {unknown}
 l - 2 scrolls of amnesia {unknown}
 m - 4 scrolls of remove curse
 p - 2 scrolls of noise {unknown}
 q - 2 scrolls of identify
 r - 2 scrolls of enchant weapon {unknown}
 z - 2 scrolls of blinking {unknown}
 C - a scroll of random uselessness {unknown}
Potions
 w - a potion of flight
 x - a potion of resistance
 D - a potion of berserk rage
Comestibles
 c - 5 bread rations
 G - 3 fruits
 H - 2 royal jellies


   Skills:
 * Level 9.0 Fighting
 + Level 6.1 Maces & Flails
   Level 3.3 Polearms
 + Level 4.7 Armour
 + Level 5.8 Dodging
 + Level 1.9 Stealth
 + Level 2.8 Invocations


You had 8 spell levels left.
You didn't know any spells.

Dungeon Overview and Level Annotations

Branches:
Dungeon (8/15)             Temple (0/1) D:7
   Lair: D:8-11

Altars:
Fedhas
Gozag
Nemelex Xobeh
Sif Muna
Trog
The Shining One


Message History

You kill the warg!
Lugonu accepts your kill.
Your Fighting skill increases to level 9!
The warg misses you.
The warg stops to sniff the water.
The warg bites you. The warg bites you!
* * * LOW HITPOINT WARNING * * *
Okay, then.
There are monsters nearby!
As you read the scroll labeled RIHO JUMEHA, it crumbles to dust.
It is a scroll of enchant armour.
Your +0 chain mail glows green for a moment.
The warg bites you but does no damage. The warg barely misses you.
The warg bites you but does no damage.
You bludgeon the warg!!
You feel better.
The warg is severely wounded.
The warg closely misses you. The warg bites you!
* * * LOW HITPOINT WARNING * * *
The warg barely misses you. The warg bites you!
You die...

######################
....P................#
..P.............P....#
≈≈≈≈≈≈≈≈≈≈hhh≈≈≈≈....#
≈≈≈≈≈≈≈≈≈≈≈@≈≈≈≈≈....#
≈≈≈≈≈≈≈≈h≈#####≈≈....#######
..........#oo.#≈≈....#......
###########...#≈≈P...#.#####
#+###≈≈....#.# #.≈≈≈....#.#
#.≈≈≈..P.#<# #.≈≈≈....###
#.≈≈≈....#


You could see 4 wargs and an orc.

Vanquished Creatures
  Eustachio (D:5)
  4 wargs (D:8)
  A sky beast (D:6)
  2 phantoms
  2 ogres
  A centaur (D:5)
  4 bullfrogs (D:7)
  2 scorpions
  6 crimson imps
  2 hounds
  A centaur skeleton (D:4)
  4 orc wizards
  2 orc priests
  2 jellies (D:7)
  2 iguanas
  Natasha (thrice) (D:4)
  8 worker ants
  12 gnolls
  8 adders
  A shadow imp (D:5)
  3 oozes
  An adder zombie (D:7)
  3 worms
  4 dart slugs
  4 leopard geckos
  11 orcs
  6 bats
  2 giant cockroaches
  10 goblins
  3 hobgoblins
  5 jackals
  4 quokkas
  6 frilled lizards
  3 kobolds (D:2)
  A leopard gecko skeleton (D:5)
  A quokka zombie (D:5)
  5 rats
140 creatures vanquished.

Vanquished Creatures (others)
  The ghost of Stelteck the Grappler, a novice TrMo of Makhleb (D:7)
1 creature vanquished.

Grand Total: 141 creatures vanquished

Notes
Turn   | Place    | Note
-------+----------+-------------------------------------------
     0 | Abyss:1  | jmlagarto the Merfolk Abyssal Knight began the quest for the Orb.
     0 | Abyss:1  | Reached XP level 1. HP: 18/18 MP: 2/2
    28 | Abyss:1  | Noticed a starcursed mass
    29 | D:1      | Escaped the Abyss
   296 | D:1      | Reached XP level 2. HP: 24/24 MP: 3/3
   346 | D:1      | Reached * piety under Lugonu
   835 | D:2      | Reached XP level 3. HP: 28/30 MP: 4/4
   986 | D:2      | Found a deep blue altar of Sif Muna.
  1100 | D:2      | Reached skill level 4 in Fighting
  1137 | D:2      | Reached skill level 1 in Maces & Flails
  1143 | D:2      | Reached XP level 4. HP: 20/37 MP: 5/5
  1480 | D:2      | Reached skill level 1 in Armour
  1588 | D:2      | Reached ** piety under Lugonu
  1715 | D:2      | Reached XP level 5. HP: 42/43 MP: 6/6
  2201 | D:3      | You fall through a shaft for 3 floors!
  2207 | D:5      | Entered Level 5 of the Dungeon
  2481 | D:4      | Found a bloodstained altar of Trog.
  2581 | D:4      | Noticed Natasha
  2590 | D:4      | Killed Natasha
  2593 | D:4      | Noticed Natasha
  2595 | D:4      | Reached XP level 6. HP: 37/49 MP: 7/7
  2604 | D:4      | Killed Natasha
  2987 | D:4      | Noticed Natasha
  2999 | D:4      | Killed Natasha
  2999 | D:4      | Reached skill level 5 in Fighting
  3202 | D:4      | Noticed a phantom
  3271 | D:4      | HP: 2/51 [phantom (7)]
  3275 | D:4      | Killed a phantom
  3566 | D:4      | Found a blossoming altar of Fedhas.
  3573 | D:4      | Found an opulent altar of Gozag.
  3750 | D:4      | Reached XP level 7. HP: 56/56 MP: 8/8
  4310 | D:4      | Reached skill level 6 in Fighting
  4340 | D:4      | Reached *** piety under Lugonu
  4340 | D:4      | Reached skill level 1 in Stealth
  5111 | D:5      | Reached XP level 8. HP: 34/65 MP: 9/9
  5469 | D:5      | Noticed Eustachio
  5500 | D:5      | Killed Eustachio
  5563 | D:5      | Reached skill level 7 in Fighting
  6321 | D:6      | Reached skill level 5 in Dodging
  6850 | D:6      | Got a smoking dire flail
  6851 | D:6      | Identified the +9 dire flail "Viomala" {vamp, rElec} (You found it on level 6 of the Dungeon)
  6939 | D:6      | Found a glowing golden altar of the Shining One.
  7313 | D:7      | Found a staircase to the Ecumenical Temple.
  7480 | D:7      | Reached skill level 5 in Maces & Flails
  7480 | D:7      | Reached XP level 9. HP: 68/72 MP: 10/10
  7485 | D:7      | Reached **** piety under Lugonu
  7631 | D:7      | Reached skill level 8 in Fighting
  7929 | D:7      | Noticed Stelteck's ghost (novice TrMo)
  7942 | D:7      | Banished Stelteck's ghost
  8556 | D:8      | Found a sparkling altar of Nemelex Xobeh.
  8613 | D:8      | Reached skill level 9 in Fighting
  8615 | D:8      | Slain by a warg

Skill      XL: |  1  2  3  4  5  6  7  8  9 |
---------------+----------------------------+-----
Fighting       | 4 5 6 7 9 |  9.0
Maces & Flails | 1 2 3 5 6 |  6.1
Armour         | 1 2 3 4 |  4.7
Dodging        | 3 4 5 |  5.8
Stealth        | 1 |  1.9
Polearms       | |  3.3
Invocations    | |  2.8

Action                   |  1- 3 |  4- 6 |  7- 9 || total
-------------------------+-------+-------+-------++-------
Melee: Spear             |     6 |       |       ||     6
       Mace              |    48 |    69 |       ||   117
       Whip              |       |   119 |   259 ||   378
       Dire flail        |       |       |    90 ||    90
       Tailslap          |       |       |     6 ||     6
Invok: Depart the Abyss  |     1 |       |       ||     1
       Banish            |       |       |     1 ||     1
  Use: Potion            |     3 |       |     6 ||     9
       Scroll            |       |     1 |     4 ||     5
  Eat: Royal jelly       |       |     3 |     2 ||     5
       Chunk             |       |     1 |       ||     1
       Meat ration       |       |     1 |     1 ||     2
       Bread ration      |       |       |     3 ||     3
Armor: Leather armour    |     4 |       |       ||     4
       Scale mail        |    14 |    68 |    73 ||   155
       Skin              |       |       |    44 ||    44
       Chain mail        |       |       |    47 ||    47
Dodge: Dodged            |    22 |   101 |   172 ||   295
